 Dungeon Crawl Stone Soup version 0.18-a0-943-g2c08dd4 (webtiles) character file.

158 filipzpl the Martial Artist (level 5, -3/60 HPs)
             Began as a Draconian Transmuter on Dec 28, 2015.
             Succumbed to an orc's poison
             ... on level 3 of the Dungeon.
             The game lasted 00:04:44 (1851 turns).

filipzpl the Martial Artist (Draconian Transmuter)  Turns: 1851, Time: 00:04:44

Health: -3/60      AC: 22    Str: 14    XL:     5   Next: 16%
Magic:  2/8        EV:  2    Int: 14    God:
Gold:   137        SH:  0    Dex: 12    Spells: 2 memorised, 4 levels left

rFire  . . .     SeeInvis .       - Unarmed
rCold  . . .     Gourm    .     (armour unavailable)
rNeg   + + +     Faith    .     (no shield)
rPois  +         Spirit   .     (helmet currently unavailable)
rElec  .         Dismiss  .     (cloak currently unavailable)
rCorr  .         Reflect  .     (gloves currently unavailable)
SustAt .         Harm     .     (boots currently unavailable)
MR     .....     Rnd*Rage +     (no amulet)
Stlth  +......... NoTele   +    (no ring)
                                (no ring)

@: lethally poisoned (-3 -> -47), tree-form, very slightly contaminated, not
resistant to hostile enchantments, very unstealthy
A: unfitting armour, berserk 1, strong 1, (cold-blooded), AC +5
a: no special abilities


You were on level 3 of the Dungeon.
You were near starving.
You were a tree.
You visited 1 branch of the dungeon, and saw 3 of its levels.

You collected 137 gold pieces.

Inventory:

Missiles
 a - 31 arrows
Armour
 j - a +2 hat
Jewellery
 o - an uncursed ring of ice {unknown}
Wands
 e - a wand of confusion (30/48)
Scrolls
 h - a scroll of remove curse
Potions
 k - a potion of magic {unknown}
 m - a potion of lignification
 n - a potion of heal wounds {unknown}
 p - a potion of curing {unknown}
Books
 b - a book of Changes

   Spells                             Type                      Level
   a - Beastly Appendage              Transmutation                1
   b - Sticks to Snakes               Transmutation                2
   c - Spider Form                    Transmutation/Poison         3
   d - Ice Form                       Ice/Transmutation            4
   e - Blade Hands                    Transmutation                5
Comestibles
 c - 4 bread rations
 f - 3 meat rations
 i - a royal jelly


   Skills:
 - Level 1.1 Fighting
 - Level 1.7 Dodging
 - Level 9.2 Unarmed Combat
 - Level 2.0 Spellcasting
 + Level 6.2 Transmutations
 + Level 5.8 Poison Magic


You had 4 spell levels left.
You knew the following spells:

 Your Spells              Type           Power        Failure   Level  Hunger
a - Beastly Appendage     Trmt           ###...       1%          1    ##.....
b - Spider Form           Trmt/Pois      ###.......   8%          3    ####...


Dungeon Overview and Level Annotations

Branches:
Dungeon (3/15)

Altars:
Gozag
Zin

Shops:
D:2 *


Innate Abilities, Weirdness & Mutations

((Your plain brown scales are hard (AC +5).))
Your body does not fit into most forms of armour.
((You are cold-blooded and may be slowed by cold attacks.))
You tend to lose your temper in combat.
Your muscles are strong. (Str +2)


Message History

Drink which item? (? for menu, Esc to quit)
It was a potion of mutation.
You feel extremely strange.
You feel a little pissed off.
You feel stronger.
Your transformation is almost over.
* * * LOW HITPOINT WARNING * * *
You feel very sick.
Drink which item? (? for menu, Esc to quit)
It was a potion of experience.
You feel more experienced!
Your Unarmed Combat skill gained 5 levels and is now at level 9!
Your Transmutations skill gained 4 levels and is now at level 6!
Your Poison Magic skill gained 4 levels and is now at level 5!
You have reached level 5!
* * * LOW HITPOINT WARNING * * *
You feel very sick.
Drink which item? (? for menu, Esc to quit)
It was a potion of lignification.
Your transformation has ended.
You turn into a tree.
Your roots penetrate the ground.
You die...

### #..
#.# ...
#.# #.#
#♣#
#))$....#
#########


There were no monsters in sight!

Vanquished Creatures
  Ijyb (D:2)
  An adder (D:2)
  An ooze (D:2)
  2 orcs (D:3)
  4 bats
  2 giant cockroaches
  3 hobgoblins
  7 jackals (D:2)
  4 kobolds (D:1)
  A quokka (D:2)
  A giant newt (D:1)
  5 goblins
  6 rats
38 creatures vanquished.

Notes
Turn   | Place    | Note
--------------------------------------------------------------
     0 | D:1      | filipzpl the Draconian Transmuter began the quest for the Orb.
     0 | D:1      | Reached XP level 1. HP: 16/16 MP: 3/3
   408 | D:1      | Reached XP level 2. HP: 23/23 MP: 5/5
   930 | D:2      | Found Zin's Purification Station.
   936 | D:2      | Found a glowing silver altar of Zin.
   974 | D:2      | Reached skill level 4 in Unarmed Combat
   974 | D:2      | Reached XP level 3. HP: 18/28 MP: 6/6
  1206 | D:2      | Learned a level 3 spell: Spider Form
  1276 | D:2      | Found a faded altar to an unknown god.
  1534 | D:2      | Found an opulent altar of Gozag.
  1675 | D:2      | Noticed Ijyb
  1688 | D:2      | Killed Ijyb
  1688 | D:2      | Reached skill level 1 in Poison Magic
  1688 | D:2      | Reached XP level 4. HP: 31/35 MP: 3/7
  1849 | D:3      | Gained mutation: You tend to lose your temper in combat. [potion of mutation]
  1849 | D:3      | Gained mutation: Your muscles are strong. (Str +2) [potion of mutation]
  1850 | D:3      | Reached skill level 9 in Unarmed Combat
  1850 | D:3      | Reached skill level 5 in Poison Magic
  1850 | D:3      | Reached XP level 5. HP: 4/40 MP: 1/8
  1850 | D:3      | HP: 1/40 [poisoned by an orc]
  1851 | D:3      | Succumbed to an orc's poison

Vault maps used:
D:1:      mushboom_english_gardens, serial_park_tiny_1
D:2:      nicolae_overflow_crystal_walls, zin_purify, ecumenical_altar_1,
          uniq_iyjb
D:3:      lemuel_coloured_pillars_altar, led_sif_book, elyvilon_altar_4

Action                   |  1- 3 |  4- 6 || total
-------------------------+-------+-------++-------
Melee: Unarmed           |   143 |    10 ||   153
 Cast: Spider Form       |     2 |     1 ||     3
       Beastly Appendage |     2 |       ||     2
  Use: Scroll            |     4 |       ||     4
       Potion            |       |     3 ||     3
  Eat: Chunk             |     2 |       ||     2
